 Dungeon Crawl Stone Soup version 0.29-a0-284-gf9362112df (webtiles) character file.

Game seed: 14385088486440847813

339 sammy202020 the Skirmisher (level 6, -3/51 HPs)
             Began as a Palentonga Fighter on Mar 21, 2022.
             Slain by an ogre
             ... wielding a +0 giant spiked club
              (20 damage)
             ... on level 4 of the Dungeon.
             The game lasted 00:04:53 (4236 turns).

sammy202020 the Skirmisher (Palentonga Fighter)     Turns: 4236, Time: 00:04:54

Health: -3/51      AC: 11    Str: 20    XL:     6   Next: 29%
Magic:  6/6        EV:  7    Int: 10    God:
Gold:   236        SH:  9    Dex:  9    Spells: 5/5 levels left

rFire   . . .      SeeInvis +   a - +0 flail
rCold   . . .      Faith    .   c - +0 buckler
rNeg    . . .      Spirit   .   b - +0 scale mail
rPois   .          Reflect  +   (no helmet)
rElec   .          Harm     .   s - +2 cloak
rCorr   .          Rampage  .   p - +0 pair of gloves
Will    .....                   (no barding)
Stlth   ..........              n - amulet of reflection
HPRegen 0.17/turn               (no ring)
MPRegen 0.10/turn               (no ring)

@: no status effects
A: large, rugged brown scales 3, see invisible, deformed body, roll 1, armoured
tail
a: Rolling Charge


You were on level 4 of the Dungeon.
You visited 1 branch of the dungeon, and saw 4 of its levels.

You collected 236 gold pieces.

Inventory:

Hand Weapons
 a - a +0 flail (weapon)
Armour
 b - a +0 scale mail (worn)
 c - a +0 buckler (worn)
 p - a +0 pair of gloves (worn)
 s - a +2 cloak (worn)
Jewellery
 l - an amulet of magic regeneration
 n - an amulet of reflection (around neck)
Scrolls
 g - a scroll of fear
 j - 2 scrolls of teleportation
Potions
 e - a potion of lignification {unknown}
 h - a potion of heal wounds
 i - a potion of curing
 m - a potion of invisibility {unknown}


   Skills:
 * Level 4.2 Fighting
 * Level 3.5 Maces & Flails
 * Level 3.5 Armour
 + Level 1.3 Dodging
 * Level 3.4 Shields


You had 5 spell levels left.
You didn't know any spells.
Your spell library contained the following spells:

 Spells                   Type           Power      Damage    Failure   Level
 Ensorcelled Hibernation  Hex/Ice        0%         N/A       89%         2
 Passwall                 Tmut/Erth      0%         N/A       89%         2
 Gell's Gravitas          Tloc           0%         N/A       98%         3
 Ignite Poison            Fire/Tmut/Pois 0%         N/A       98%         3
 Mephitic Cloud           Conj/Pois/Air  0%         N/A       98%         3
 Swiftness                Air            0%         N/A       98%         3
 Teleport Other           Tloc           0%         N/A       98%         3
 Freezing Cloud           Conj/Ice/Air   0%         6-21      100%        5
 Dispersal                Tloc           0%         N/A       100%        6


Dungeon Overview and Level Annotations

Branches:
Dungeon (4/15)
 Temple: D:4-7

Altars:

Shops:
D:2 [

Portals:
Sewer: D:4


Innate Abilities, Weirdness & Mutations

You are completely covered in rugged brown scales. (AC +3, +7% HP)
You have supernaturally acute eyesight. (SInv)
Armour fits poorly on your strangely shaped body.
You can roll at nearby foes to attack.
You have a long armoured tail.


Message History

You feel sick. You block the adder's attack. The endoplasm freezes you.
You are frozen.
The adder closely misses you.
You sock the endoplasm!
You kill the endoplasm!
You feel sick. The adder closely misses you.
The ball python bites you but does no damage.
You completely miss the ball python.
You feel sick. The adder bites you but does no damage.
You block the ball python's attack. The adder bites you but does no damage.
Okay, then.
You completely miss the adder.
The adder is almost dead.
You feel sick.
You are no longer poisoned.
An ogre comes into view. It is wielding a +0 giant spiked club.
You block the ball python's attack. You block the adder's attack.
The ball python bites you but does no damage.
The adder barely misses you.
The ogre shouts!
You thump the adder!
You kill the adder!
The ball python closely misses you. The ball python barely misses you.
You closely miss the ball python. You block the ball python's attack.
An adder comes into view.
The ball python bites you but does no damage. x2
You barely miss the ball python.
The adder hisses angrily.
You block the ball python's attack. x2; The ball python bites you.
You thump the ball python!
You kill the ball python!
You block the ball python's attack.
The ball python bites you but does no damage. x2
You see here an adder corpse.
You sock the ball python!
You kill the ball python!
You closely miss the adder.
Your tail-slap misses the adder.
The adder barely misses you.
The ogre hits you with a +0 giant spiked club!!
You die...

####...# #...... #.#
... #.# #.# ### #.#
#.## ..######.###>.##
#..............#
####.########..#####.#
#.# #......O@....# #.#
#?###..#S.#..# ..#
#..#........ ###
#....'#### .
.....#≈≈≈≈
###...#≈≈≈≈#
....#≈∩≈≈# #.#.#≈≈≈≈#


You could see an ogre and an adder.

Vanquished Creatures
  Eustachio (D:4)
  2 iguanas (D:3)
  7 adders
  3 dart slugs
  An orc (D:3)
  5 bats
  4 endoplasms
  2 giant cockroaches
  7 goblins
  6 hobgoblins
  6 jackals
  6 kobolds
  3 quokkas
  6 ball pythons
  6 frilled lizards
  2 rats
67 creatures vanquished.

Vanquished Creatures (others)
  3 plants (D:4)
3 creatures vanquished.

Grand Total: 70 creatures vanquished

Notes
Turn   | Place    | Note
-------+----------+-------------------------------------------
     0 | D:1      | sammy202020 the Palentonga Fighter began the quest for the
                  | Orb.
     0 | D:1      | Reached XP level 1. HP: 19/19 MP: 1/1
   584 | D:1      | Reached XP level 2. HP: 22/25 MP: 2/2
  1388 | D:2      | Reached XP level 3. HP: 16/31 MP: 3/3
  2056 | D:2      | Found a faded altar of an unknown god.
  2355 | D:2      | Reached XP level 4. HP: 37/37 MP: 4/4
  2360 | D:2      | Found Hipovuym's Antique Armour Emporium.
  3430 | D:3      | Reached XP level 5. HP: 44/44 MP: 5/5
  3435 | D:3      | Reached skill level 1 in Dodging
  3952 | D:4      | Noticed Eustachio
  3965 | D:4      | Killed Eustachio
  3966 | D:4      | Reached skill level 4 in Fighting
  3966 | D:4      | Reached XP level 6. HP: 31/51 MP: 6/6
  4214 | D:4      | Found a glowing drain.
  4236 | D:4      | Slain by an ogre

Illustrated notes

Levels and vault maps discovered:
D:1:      dreamdust_arrival_sigmund_warning, layout_loops_corners,
          hangedman_decor_slide_cut, chequers_garden, st_stairs_6,
          corner_web_ring, minivault_24, minmay_tromino_mix6
D:2:      layout_basic, serial_shops, shop_statue,
          shapermc_ecumenical_altar_acropolis, minmay_goblin_outpost
D:3:      layout_loops_ring
D:4:      layout_loops_ring, minmay_temple_entry_gardened_gates,
          portal_sewer_entry_c, uniq_sigmund, uniq_eustachio, uniq_robin,
          uniq_duvessa, uniq_grinder, uniq_natasha

Skill      XL: |  1  2  3  4  5 |
---------------+----------------+-----
Armour         | 3 |  3.5
Shields        | 3 |  3.4
Maces & Flails | 3 |  3.5
Dodging        | 1 |  1.3
Fighting       | 4 |  4.2

Action                   |  1- 3 |  4- 6 || total
-------------------------+-------+-------++-------
Melee: Flail             |    98 |   123 ||   221
       Tailslap          |     5 |     6 ||    11
 Abil: Rolling Charge    |     6 |     3 ||     9
  Use: Potion            |     1 |     1 ||     2
       Scroll            |       |     9 ||     9
Armor: Scale mail        |    54 |    65 ||   119
Dodge: Dodged            |    35 |    54 ||    89
Block: Buckler           |    27 |    69 ||    96
       Reflection        |       |     5 ||     5

Table legend: (Time is in decaauts)
 A = Elapsed time spent in this place.
 B = Non-inter-level travel time spent in this place.
 C = Inter-level travel time spent in this place.
 D = Time resting spent in this place.
 E = Time spent auto-exploring this place.
 F = Levels seen in this place.
 G = Mean time per level.
                   A        B        C        D        E       F      G
               +--------+--------+--------+--------+--------+-----+--------+
         Total |   4308 |   4250 |     58 |    614 |   3011 |   4 | 1077.0 |
       Dungeon |   4308 |   4250 |     58 |    614 |   3011 |   4 | 1077.0 |
               +--------+--------+--------+--------+--------+-----+--------+

Top non-repeatable levels by time:
     D:2: 1678 daAuts
     D:1: 1362 daAuts
     D:3: 944 daAuts
     D:4: 323 daAuts
